| TOP OF THE 1ST |
|
Colorado Rockies batting - Pitching for Los Angeles Dodgers : RHP Jake Koehler
|
|
Pitching: RHP Jake Koehler
|
|
|
Batting: RHB Joel Haycock
|
0-0: Swinging Strike 0-1: Swinging Strike 0-2: Ball 1-2: Foul Ball, location: 2F 1-2: Strikes out looking
|
|
Batting: RHB Roberto Rodriguez
|
0-0: Ground out 6-3 (Groundball, 6, EV 106.9 MPH)
|
|
Batting: LHB Fabiano Perrolas
|
0-0: Foul Ball, location: 2F 0-1: Ball 1-1: Ground out 4-3 (Groundball, 4M, EV 87.5 MPH)
|
| Top of the 1st over - 0 runs, 0 hits, 0 errors, 0 left on base; Colorado 0 - Los Angeles 0 |
| BOTTOM OF THE 1ST |
|
Los Angeles Dodgers batting - Pitching for Colorado Rockies : LHP Cooper Bate
|
|
Pitching: LHP Cooper Bate
|
|
|
Batting: SHB Joel Baker
|
0-0: Ground out 5-3 (Groundball, 15, EV 94.4 MPH)
|
|
Batting: LHB Chris Ringwood
|
0-0: Foul Ball, location: 2F 0-1: Called Strike 0-2: Foul Ball, location: 2F 0-2: Strikes out swinging
|
|
Batting: LHB Bob Branham
|
0-0: Ball 1-0: Swinging Strike 1-1: DOUBLE (Line Drive, 78D, EV 104.4 MPH)
|
|
Batting: LHB Lirak Bazhunaishvili
|
0-0: Ball 1-0: Hit by Pitch
|
|
Batting: RHB Jorge Severiano
|
0-0: Called Strike 0-1: Foul Ball, location: 2F 0-2: Foul Ball, location: 2F 0-2: Ball 1-2: Ball 2-2: Ball 3-2: Foul Ball, location: 2F 3-2: SINGLE (Groundball, 56D, EV 106.3 MPH) Bob Branham to third Lirak Bazhunaishvili to second Bob Branham scores Lirak Bazhunaishvili to third
|
|
Batting: RHB Tsutomu Irie
|
0-0: Ball 1-0: Fly out, F8 (Line Drive, 8RM, EV 91.3 MPH)
|
| Bottom of the 1st over - 1 run, 2 hits, 0 errors, 2 left on base; Colorado 0 - Los Angeles 1 |
| TOP OF THE 2ND |
|
Colorado Rockies batting - Pitching for Los Angeles Dodgers : RHP Jake Koehler
|
|
Batting: RHB Jason Andrews
|
0-0: Fly out, F7 (Flyball, 7D, EV 91.3 MPH)
|
|
Batting: SHB Chris Blue
|
0-0: Ball 1-0: Ball 2-0: Called Strike 2-1: Called Strike 2-2: Fly out, F7 (Flyball, 78S, EV 82.5 MPH)
|
|
Batting: LHB Jose Robles
|
0-0: Ball 1-0: Ball 2-0: Called Strike 2-1: Called Strike 2-2: Foul Ball, location: 2F 2-2: Ball 3-2: Foul Ball, location: 2F 3-2: Ground out 5-3 (Groundball, 56, EV 88.1 MPH)
|
| Top of the 2nd over - 0 runs, 0 hits, 0 errors, 0 left on base; Colorado 0 - Los Angeles 1 |
| BOTTOM OF THE 2ND |
|
Los Angeles Dodgers batting - Pitching for Colorado Rockies : LHP Cooper Bate
|
|
Batting: LHB Dalton Silveira
|
0-0: SINGLE (Line Drive, 7LM, EV 111.3 MPH)
|
|
Batting: RHB Ben Mischnick
|
0-0: Called Strike 0-1: Ground out 6-3 (Groundball, 6M, EV 75.6 MPH) Dalton Silveira to second
|
|
Batting: LHB Ryan Taylor
|
0-0: Ball 1-0: Called Strike 1-1: Ball 2-1: Fly out, F8 (Flyball, 89D, EV 91.3 MPH) Runner from 2nd tags up, SAFE at 3rd, no throw by CF
|
|
Batting: SHB Joel Baker
|
0-0: Ball 1-0: Ball 2-0: Ball 3-0: Base on Balls
|
|
Batting: LHB Chris Ringwood
|
0-0: Called Strike 0-1: Ball 1-1: Ball 2-1: Ball 3-1: Base on Balls Joel Baker to second
|
|
Batting: LHB Bob Branham
|
0-0: Foul Ball, location: 2F 0-1: Foul Ball, location: 2F 0-2: Ball 1-2: Ball 2-2: Ground out 4-3 (Groundball, 34, EV 85.0 MPH)
|
| Bottom of the 2nd over - 0 runs, 1 hit, 0 errors, 3 left on base; Colorado 0 - Los Angeles 1 |
| TOP OF THE 3RD |
|
Colorado Rockies batting - Pitching for Los Angeles Dodgers : RHP Jake Koehler
|
|
Batting: LHB Robert Watson
|
0-0: Swinging Strike 0-1: Called Strike 0-2: Strikes out looking
|
|
Batting: RHB Leo Mair
|
0-0: Ball 1-0: Ball 2-0: Swinging Strike 2-1: Ground out 4-3 (Groundball, 34, EV 101.9 MPH)
|
|
Batting: RHB Sterling Acosta
|
0-0: Swinging Strike 0-1: Swinging Strike 0-2: Strikes out looking
|
| Top of the 3rd over - 0 runs, 0 hits, 0 errors, 0 left on base; Colorado 0 - Los Angeles 1 |
| BOTTOM OF THE 3RD |
|
Los Angeles Dodgers batting - Pitching for Colorado Rockies : LHP Cooper Bate
|
|
Batting: LHB Lirak Bazhunaishvili
|
0-0: Ball 1-0: Ball 2-0: Called Strike 2-1: Foul Ball, location: 2F 2-2: Ball 3-2: Foul Ball, location: 2F 3-2: SINGLE (Groundball, 4MD, EV 95.6 MPH)
|
|
Batting: RHB Jorge Severiano
|
0-0: Swinging Strike 0-1: Ball 1-1: Ball 2-1: Foul Ball, location: 2F 2-2: Foul Ball, location: 2F 2-2: Fly out, F6 (Popup, 6M, EV 67.5 MPH)
|
|
Batting: RHB Tsutomu Irie
|
0-0: Ball 1-0: Ball 2-0: Called Strike Lirak Bazhunaishvili is caught stealing 2nd base 2-4 2-1: Fly out, F8 (Flyball, 8LM, EV 93.8 MPH)
|
| Bottom of the 3rd over - 0 runs, 1 hit, 0 errors, 0 left on base; Colorado 0 - Los Angeles 1 |
| TOP OF THE 4TH |
|
Colorado Rockies batting - Pitching for Los Angeles Dodgers : RHP Jake Koehler
|
|
Batting: RHB Joel Haycock
|
0-0: Called Strike 0-1: Ball 1-1: Called Strike 1-2: Strikes out looking
|
|
Batting: RHB Roberto Rodriguez
|
0-0: Ground out 6-3 (Groundball, 6, EV 86.9 MPH)
|
|
Batting: LHB Fabiano Perrolas
|
0-0: Called Strike 0-1: Foul Ball, location: 2F 0-2: Ball 1-2: Ball 2-2: Ball 3-2: Foul Ball, location: 2F 3-2: Base on Balls
|
|
Batting: RHB Jason Andrews
|
0-0: Ball 1-0: SINGLE (Line Drive, 8LS, EV 101.9 MPH) Fabiano Perrolas to second
|
|
Batting: SHB Chris Blue
|
0-0: Foul Ball, location: 2F 0-1: Swinging Strike 0-2: Ball 1-2: Ball 2-2: Ground out U3 (Groundball, 3, EV 101.9 MPH)
|
| Top of the 4th over - 0 runs, 1 hit, 0 errors, 2 left on base; Colorado 0 - Los Angeles 1 |
| BOTTOM OF THE 4TH |
|
Los Angeles Dodgers batting - Pitching for Colorado Rockies : LHP Cooper Bate
|
|
Batting: LHB Dalton Silveira
|
0-0: Called Strike 0-1: Ground out 4-3 (Groundball, 4, EV 102.5 MPH)
|
|
Batting: RHB Ben Mischnick
|
0-0: Ball 1-0: Foul Ball, location: 2F 1-1: Ball 2-1: Foul Ball, location: 2F 2-2: Foul Ball, location: 2F 2-2: Foul Ball, location: 2F 2-2: Ball 3-2: Ground out 6-3 (Groundball, 56, EV 110.6 MPH)
|
|
Batting: LHB Ryan Taylor
|
0-0: Ball 1-0: Ball 2-0: Called Strike 2-1: Foul Ball, location: 2F 2-2: Foul Ball, location: 2F 2-2: Strikes out looking
|
| Bottom of the 4th over - 0 runs, 0 hits, 0 errors, 0 left on base; Colorado 0 - Los Angeles 1 |
| TOP OF THE 5TH |
|
Colorado Rockies batting - Pitching for Los Angeles Dodgers : RHP Jake Koehler
|
|
Batting: LHB Jose Robles
|
0-0: Ball 1-0: SOLO HOME RUN (Flyball, 9D, EV 92.5 MPH), Distance : 364 ft
|
|
Batting: LHB Robert Watson
|
0-0: Ball 1-0: Called Strike 1-1: Ball 2-1: Foul Ball, location: 2F 2-2: Ball 3-2: SINGLE (Groundball, 15S, EV 70.0 MPH) (infield hit)
|
|
Batting: RHB Leo Mair
|
0-0: Called Strike 0-1: Ball 1-1: Called Strike 1-2: Ball 2-2: Foul Ball, location: 2F 2-2: Ball 3-2: Base on Balls Robert Watson to second
|
|
Batting: RHB Sterling Acosta
|
0-0: Ball 1-0: Hit by Pitch Robert Watson to third Leo Mair to second
|
|
Batting: RHB Joel Haycock
|
0-0: Foul Ball, location: 2F 0-1: Ball 1-1: Swinging Strike 1-2: Foul Ball, location: 2F 1-2: Grounds into double play, 5-4-3 (Groundball, 5, EV 87.5 MPH) Robert Watson scores Leo Mair to third
|
|
Batting: RHB Roberto Rodriguez
|
0-0: Called Strike 0-1: Swinging Strike 0-2: Ball 1-2: Strikes out swinging
|
| Top of the 5th over - 2 runs, 2 hits, 0 errors, 1 left on base; Colorado 2 - Los Angeles 1 |
| BOTTOM OF THE 5TH |
|
Los Angeles Dodgers batting - Pitching for Colorado Rockies : LHP Cooper Bate
|
|
Batting: SHB Joel Baker
|
0-0: SINGLE (Groundball, 6, EV 95.0 MPH)
|
|
Batting: LHB Chris Ringwood
|
0-0: Ball 1-0: Swinging Strike 1-1: SINGLE (Groundball, 56D, EV 97.5 MPH) Joel Baker to second
|
|
Batting: LHB Bob Branham
|
0-0: Ground out 4-3 (Groundball, 4S, EV 63.8 MPH) Joel Baker to third Chris Ringwood to second
|
|
Batting: LHB Lirak Bazhunaishvili
|
0-0: Foul Ball, location: 2F 0-1: Foul Ball, location: 2F 0-2: Ground out 4-3 (Groundball, 4, EV 91.3 MPH) Joel Baker scores Chris Ringwood to third
|
|
Batting: RHB Jorge Severiano
|
0-0: Ball 1-0: Called Strike 1-1: Swinging Strike 1-2: Ball 2-2: Strikes out swinging
|
| Bottom of the 5th over - 1 run, 2 hits, 0 errors, 1 left on base; Colorado 2 - Los Angeles 2 |
| TOP OF THE 6TH |
|
Colorado Rockies batting - Pitching for Los Angeles Dodgers : RHP Jake Koehler
|
|
Batting: LHB Fabiano Perrolas
|
0-0: Ball 1-0: Foul Ball, location: 2F 1-1: Ball 2-1: Ball 3-1: Base on Balls
|
|
Batting: RHB Jason Andrews
|
0-0: Ball 1-0: Foul Ball, location: 2F 1-1: SINGLE (Groundball, P, EV 81.9 MPH) (infield hit) Fabiano Perrolas to second
|
|
Batting: SHB Chris Blue
|
0-0: Fly out, F8 (Flyball, 8RXD, EV 101.3 MPH) Runner from 2nd tags up, SAFE at 3rd, no throw by CF
|
|
Batting: LHB Jose Robles
|
0-0: Grounds into double play, 5-4-3 (Groundball, 5, EV 86.9 MPH)
|
| Top of the 6th over - 0 runs, 1 hit, 0 errors, 1 left on base; Colorado 2 - Los Angeles 2 |
| BOTTOM OF THE 6TH |
|
Los Angeles Dodgers batting - Pitching for Colorado Rockies : LHP Cooper Bate
|
|
Batting: RHB Tsutomu Irie
|
0-0: Called Strike 0-1: Swinging Strike 0-2: Ball 1-2: Fly out, F9 (Line Drive, 9, EV 90.0 MPH)
|
|
Batting: LHB Dalton Silveira
|
0-0: Foul Ball, location: 2F 0-1: Ball 1-1: Ground out 5-3 (Groundball, 6, EV 102.5 MPH)
|
|
Batting: RHB Ben Mischnick
|
0-0: Called Strike 0-1: Swinging Strike 0-2: Foul Ball, location: 2F 0-2: Ball 1-2: Strikes out swinging
|
| Bottom of the 6th over - 0 runs, 0 hits, 0 errors, 0 left on base; Colorado 2 - Los Angeles 2 |
| TOP OF THE 7TH |
|
Colorado Rockies batting - Pitching for Los Angeles Dodgers : RHP Jake Koehler
|
|
Batting: LHB Robert Watson
|
0-0: Foul Ball, location: 2F 0-1: Ball 1-1: Ball 2-1: Ground out 5-3 (Groundball, 56, EV 106.9 MPH)
|
|
Batting: RHB Leo Mair
|
0-0: Ball 1-0: SINGLE (Line Drive, 8RS, EV 91.9 MPH)
|
|
Batting: RHB Sterling Acosta
|
0-0: Ball 1-0: 2-RUN HOME RUN (Flyball, 7D, EV 100.0 MPH), Distance : 382 ft
|
|
Batting: RHB Joel Haycock
|
0-0: Ball 1-0: Swinging Strike 1-1: Ball 2-1: Ball 3-1: Base on Balls
|
|
Pitching: RHP Luke Kinman
|
|
|
Batting: RHB Roberto Rodriguez
|
0-0: Foul Ball, location: 2F Pickoff Throw to First - Out! 1-3 0-1: Ground out 6-3 (Groundball, 6MD, EV 86.3 MPH)
|
| Top of the 7th over - 2 runs, 2 hits, 0 errors, 0 left on base; Colorado 4 - Los Angeles 2 |
| BOTTOM OF THE 7TH |
|
Los Angeles Dodgers batting - Pitching for Colorado Rockies : LHP Cooper Bate
|
|
Pitching: RHP Gabe Baxter
|
|
|
Batting: LHB Ryan Taylor
|
0-0: Called Strike 0-1: Ball 1-1: Ball 2-1: Ball 3-1: Base on Balls
|
|
Batting: SHB Joel Baker
|
0-0: Called Strike 0-1: Called Strike 0-2: Ball 1-2: Ball 2-2: 2-RUN HOME RUN (Flyball, 89XD, EV 100.0 MPH), Distance : 405 ft
|
|
Batting: LHB Chris Ringwood
|
0-0: Ball 1-0: Called Strike 1-1: Foul Ball, location: 2F 1-2: Ball 2-2: Ground out 6-3 (Groundball, 6, EV 99.4 MPH)
|
|
Batting: LHB Bob Branham
|
0-0: Foul Ball, location: 2F 0-1: Foul Ball, location: 2F 0-2: Fly out, F2 (Popup, 5SF, EV 74.4 MPH)
|
|
Batting: LHB Lirak Bazhunaishvili
|
0-0: Ball 1-0: Ball 2-0: Ball 3-0: Base on Balls
|
|
Batting: RHB Jorge Severiano
|
0-0: Called Strike Lirak Bazhunaishvili steals 2nd base (no throw) 0-1: Foul Ball, location: 2F 0-2: Foul Ball, location: 2F 0-2: Foul Ball, location: 2F 0-2: Ball 1-2: Hit by Pitch
|
|
Pitching: RHP Jaden Mackey
|
|
|
Batting: RHB Tsutomu Irie
|
0-0: Ground out 4-3 (Groundball, 4D, EV 82.5 MPH)
|
| Bottom of the 7th over - 2 runs, 1 hit, 0 errors, 2 left on base; Colorado 4 - Los Angeles 4 |
| TOP OF THE 8TH |
|
Colorado Rockies batting - Pitching for Los Angeles Dodgers : RHP Luke Kinman
|
|
Batting: LHB Fabiano Perrolas
|
0-0: Called Strike 0-1: Swinging Strike 0-2: Ball 1-2: Foul Ball, location: 2F 1-2: Strikes out swinging
|
|
Batting: RHB Jason Andrews
|
0-0: Swinging Strike 0-1: Called Strike 0-2: Ball 1-2: Strikes out swinging
|
|
Batting: SHB Chris Blue
|
0-0: Fly out, F8 (Line Drive, 8RD, EV 98.1 MPH)
|
| Top of the 8th over - 0 runs, 0 hits, 0 errors, 0 left on base; Colorado 4 - Los Angeles 4 |
| BOTTOM OF THE 8TH |
|
Los Angeles Dodgers batting - Pitching for Colorado Rockies : RHP Jaden Mackey
|
|
Batting: LHB Dalton Silveira
|
0-0: Called Strike 0-1: Hit by Pitch
|
|
Batting: RHB Ben Mischnick
|
0-0: Ball 1-0: Foul Ball, location: 2F 1-1: Foul Ball, location: 2F 1-2: Ball 2-2: Fly out, F3 (Flyball, 3D, EV 71.9 MPH)
|
|
Batting: LHB Ryan Taylor
|
0-0: Ball 1-0: Ball 2-0: Ball 3-0: Ground out 5-3 (Groundball, 56S, EV 86.3 MPH) Dalton Silveira to second
|
|
Batting: SHB Joel Baker
|
0-0: Fly out, F5 (Popup, 56, EV 60.0 MPH)
|
| Bottom of the 8th over - 0 runs, 0 hits, 0 errors, 1 left on base; Colorado 4 - Los Angeles 4 |
| TOP OF THE 9TH |
|
Colorado Rockies batting - Pitching for Los Angeles Dodgers : RHP Luke Kinman
|
|
Batting: LHB Jose Robles
|
0-0: Called Strike 0-1: Ball 1-1: Ball 2-1: Foul Ball, location: 2F 2-2: Ball 3-2: Fly out, F3 (Popup, 23F, EV 81.3 MPH)
|
|
Batting: LHB Robert Watson
|
0-0: Ball 1-0: Ball 2-0: Called Strike 2-1: Ball 3-1: Base on Balls
|
|
Pinch Hitting: LHB Chris Locklear
|
0-0: Ball 1-0: Foul Ball, location: 2F 1-1: Swinging Strike 1-2: Fly out, F9 (Flyball, 9LM, EV 78.8 MPH)
|
|
Batting: RHB Sterling Acosta
|
0-0: SINGLE (Groundball, 3S, EV 61.3 MPH) (infield hit) Robert Watson to second
|
|
Batting: RHB Joel Haycock
|
0-0: SINGLE (Line Drive, 7S, EV 88.1 MPH) Robert Watson to third Sterling Acosta to second Runner from 3rd tries for Home, SAFE, throw by LF to home Sterling Acosta to third Joel Haycock to second
|
|
Batting: RHB Roberto Rodriguez
|
0-0: Ball 1-0: Foul Ball, location: 2F 1-1: Swinging Strike 1-2: Ball 2-2: Ground out 6-3 (Groundball, 6, EV 86.3 MPH)
|
| Top of the 9th over - 1 run, 2 hits, 0 errors, 2 left on base; Colorado 5 - Los Angeles 4 |
| BOTTOM OF THE 9TH |
|
Los Angeles Dodgers batting - Pitching for Colorado Rockies : RHP Jaden Mackey
|
|
Pitching: LHP Ryan Fulford
|
|
|
Now at 2B: Sterling Acosta
|
|
|
Now at SS: Rico Coss
|
|
|
Pinch Hitting: RHB Clay Buchanan
|
0-0: Ball 1-0: Foul Ball, location: 2F 1-1: Ball 2-1: Ball 3-1: Ground out 4-3 (Groundball, 4, EV 88.8 MPH)
|
|
Batting: LHB Bob Branham
|
0-0: Called Strike 0-1: Called Strike 0-2: Foul Ball, location: 2F 0-2: Fly out, F8 (Line Drive, 8RM, EV 109.4 MPH)
|
|
Batting: LHB Lirak Bazhunaishvili
|
0-0: Called Strike 0-1: Ball 1-1: Foul Ball, location: 2F 1-2: Ball 2-2: Foul Ball, location: 2F 2-2: Ball 3-2: Base on Balls
|
|
Batting: RHB Jorge Severiano
|
0-0: Ball 1-0: Swinging Strike 1-1: Foul Ball, location: 2F 1-2: Strikes out swinging
|
| Bottom of the 9th over - 0 runs, 0 hits, 0 errors, 1 left on base; Colorado 5 - Los Angeles 4 |
|